 Dungeon Crawl Stone Soup version 0.23.2-40-g277498a001 (webtiles) character file.

Game seed: 18003880384828689533

1689566 KamiKatze the Hoplite (level 27, 152/195 HPs)
             Began as a Tengu Berserker on Sept 23, 2019.
             Was a High Priest of Trog.
             Escaped with the Orb
             ... and 3 runes on Sept 25, 2019!
             The game lasted 07:02:59 (75051 turns).

KamiKatze the Hoplite (Tengu Berserker)            Turns: 75051, Time: 07:03:00

Health: 152/195    AC: 43    Str: 36      XL:     27
Magic:  34/34      EV: 25    Int:  3 (4)  God:    Trog [*****.]
Gold:   4287       SH: 20    Dex: 17      Spells: 26/26 levels left

rFire    + . .     SeeInvis +   a - +8 mithril axe "Arga" {speed, MR+}
rCold    + + .     Gourm    .   V - +0 shield {reflect}
rNeg     + . .     Faith    .   u - +7 gold dragon scales
rPois    +         Spirit   .   (helmet restricted)
rElec    +         Reflect  +   F - +2 cloak {rC+}
rCorr    .         Harm     .   A - +1 pair of gloves {Str+3}
MR       +++++                  (boots unavailable)
Stlth    ..........             O - amulet of regeneration
HPRegen  1.82/turn              k - ring "Ejiqaeda" {*Slow rElec rN+ Str+3}
MPRegen  0.24/turn              G - ring "Maleuraw" {*Slow MP+9 AC+2 Int-3 SInv}

@: flying quickly and evasively, regenerating, quick
A: beak, talons 3, slimy green scales 1, yellow scales 1, deterioration 2, magic
resistance 1, screaming 1, strong 1, able to fly
0: Orb of Zot
}: 3/15 runes: serpentine, barnacled, silver
a: Stop Flying, Berserk, Trog's Hand, Brothers in Arms, Renounce Religion


You escaped.
You worshipped Trog.
Trog was extremely pleased with you.
You were not hungry.

You visited 10 branches of the dungeon, and saw 50 of its levels.
You visited the Abyss 1 time.
You visited 2 bazaars.
You also visited: Sewer and Ice Cave.

You collected 9564 gold pieces.
You spent 5277 gold pieces at shops.

Inventory:

Hand Weapons
 a - the +8 mithril axe "Arga" (weapon) {speed, MR+}
   (Trog gifted it to you on level 12 of the Dungeon)

   Attacks with this weapon are significantly faster.
   It affects your resistance to hostile enchantments.
 b - a +7 antimagic broad axe
 w - the +4 broad axe of Peace {flame, Dex+4}
   (You took it off a deep elf death mage on level 3 of the Elven Halls)

   It has been specially enchanted to burn those struck by it, causing extra
   injury to most foes and up to half again as much damage against particularly
   susceptible opponents.
   Big, fiery blades are also staple armaments of hydra-hunters.
   It affects your dexterity (+4).
Missiles
 g - 5 throwing nets (quivered)
Armour
 u - +7 gold dragon scales (worn)
 A - a +1 pair of gloves of strength (worn)
 F - a +2 cloak of cold resistance (worn)
 V - a +0 shield of reflection (worn)
Jewellery
 f - an uncursed ring of protection from cold
 k - the ring "Ejiqaeda" (left hand) {*Slow rElec rN+ Str+3}
   (You took it off a deep elf death mage on level 3 of the Elven Halls)

   [ring of strength]

   It affects your strength (+3).
   It insulates you from electricity.
   It protects you from negative energy.
   It may slow you when you take damage.
 l - the amulet "Lauh" {Reflect rElec Str+5 SH+5}
   (You acquired it on level 5 of the Realm of Zot)

   [amulet of reflection]

   It shields you and reflects attacks.
   It affects your strength (+5).
   It insulates you from electricity.
   It affects your SH (+5).
 x - the ring "Dull" {rPois MR+ MP+9 Int+2}
   (You bought it in a shop on level 4 of the Vaults)

   [ring of magical power]

   It affects your intelligence (+2).
   It protects you from poison.
   It affects your resistance to hostile enchantments.
   It affects your magic capacity (+9).
 B - an uncursed ring of fire
 G - the ring "Maleuraw" (right hand) {*Slow MP+9 AC+2 Int-3 SInv}
   (You found it on level 13 of the Dungeon)

   [ring of protection]

   It affects your AC (+2).
   It affects your intelligence (-3).
   It affects your magic capacity (+9).
   It lets you see invisible.
   It may slow you when you take damage.
 O - an amulet of regeneration (around neck)
 T - a +3 ring of slaying
 Z - a +5 ring of strength
Wands
 q - a wand of disintegration (28)
 s - a wand of iceblast (18)
 t - a wand of acid (26)
 y - a wand of scattershot (8)
 C - a wand of flame (120)
 J - a wand of paralysis (35)
 L - a wand of enslavement (10)
 S - a wand of clouds (9)
 Y - a wand of polymorph (23)
Scrolls
 d - 9 scrolls of enchant weapon
 e - 19 scrolls of remove curse
 i - 7 scrolls of blinking
 p - 13 scrolls of fog
 v - a scroll of magic mapping
 z - 11 scrolls of teleportation
 E - 8 scrolls of fear
 M - 22 scrolls of identify
 N - 4 scrolls of summoning
Potions
 h - 26 potions of curing
 j - 11 potions of lignification
 m - a potion of agility
 o - a potion of heal wounds
 r - 3 potions of resistance
 D - 3 potions of invisibility
 H - 2 potions of mutation
 K - 3 potions of cancellation
 Q - a potion of ambrosia
 U - 3 potions of berserk rage
 X - 3 potions of might
Miscellaneous
 R - a phantom mirror
Comestibles
 c - 63 rations


   Skills:
 * Level 25.8 Fighting
 - Level 19.0 Axes
 + Level 21.6 Armour
 + Level 21.6 Dodging
 * Level 26.5 Shields
 - Level 2.0 Evocations


You had 26 spell levels left.
You didn't know any spells.
Your spell library contained the following spells:

 Spells                   Type           Power        Failure   Level  Hunger
 Confusing Touch          Hex            #.....       98%         1    ##.....
 Confuse                  Hex            #.......     100%        3    ####...
 Gell's Gravitas          Tloc           #.........   100%        3    ####...
 Petrify                  Tmut/Erth      #.......     100%        4    #####..
 Metabolic Englaciation   Hex/Ice        #.........   100%        5    ######.
 Yara's Violent Unravell  Hex/Tmut       #.........   100%        5    ######.


Dungeon Overview and Level Annotations

Branches:
Dungeon (15/15)            Temple (1/1) D:6            Lair (6/6) D:8
 Shoals (4/4) Lair:4        Snake (4/4) Lair:2        Slime (0/5) Lair:6
    Orc (2/2) D:11            Elf (3/3) Orc:2        Vaults (5/5) D:13
  Crypt (0/3) Vaults:2     Depths (5/5) D:15            Zot (5/5) Depths:5

Altars:
Ashenzari
Cheibriados
Dithmenos
Elyvilon
Fedhas
Gozag
Hepliaklqana
Kikubaaqudgha
Makhleb
Nemelex Xobeh
Okawaru
Qazlal
Ru
Sif Muna
Trog
Uskayaw
Vehumet
Wu Jian
Xom
Yredelemnul
Zin
The Shining One
Beogh
Jiyva
Lugonu

Shops:
D:4 [   D:5 (   D:7 %   Orc:2 *([:   Shoals:4 ?   Vaults:2 [   Vaults:3 !
Vaults:4 =   Vaults:5 (=[((!%%

Portals:
Hell: Depths:1 Depths:2 Depths:3 Depths:4 Depths:5
Abyss: Depths:3 Depths:4
Pandemonium: Depths:1 Depths:2 Depths:3
Ziggurat: Depths:1
Trove: Vaults:2 (give +6 ice dragon scales)

Annotations:
Shoals:3 1 runed translucent door, harness's ghost, journeyman DEEE


Innate Abilities, Weirdness & Mutations

You have a beak for a mouth.
You have claws for feet.
You can fly continuously.
You are partially covered in slimy green scales. (AC +2)
You are partially covered in yellow scales. (AC +2)
Your body often deteriorates upon taking damage.
You are resistant to hostile enchantments. (MR+)
You occasionally shout uncontrollably at your foes.
Your muscles are strong. (Str +2)


Message History

You claw the Brimstone Fiend, but do no damage.
The Brimstone Fiend is almost dead.
You block the Brimstone Fiend's attack.
The Brimstone Fiend hits you but does no damage.
You block the Brimstone Fiend's attack.
You slash the Brimstone Fiend!
You kill the Brimstone Fiend!
Trog accepts your kill.
Your skin crawls.
You feel resistant to hostile enchantments.
You feel somewhat more hungry.
You feel much better.
(D) Dungeon (T) Temple (L) Lair (A) Shoals (P) Snake Pit (M) Slime Pits (O) Orcish Mines (E) Elven Halls (V) Vaults (C) Crypt (U) Depths (H) Hell (Z) Zot
Where to? (* - list waypoints, Enter - D:1 @ (x,y), ? - help)
There is a staircase leading out of the dungeon here.
There is a staircase leading out of the dungeon here.
You have escaped!

....###.###.####..##..# ##.######
÷...# #.# #.# #..##..####......#
....###.###.####..##.....######.)
.......(.............###...#.....
....###.###.####..##....##.#....#
....# #.# #.# #..#####.........#
.#### ############# #..........
.########.........# ###.#....##
................@.#####........#
##########........#^.>#.....#####
##........#####........##
##...#.....##...))...##...
##...###....##........##...
##...## ##.####....###.##.÷.
#####...## #.# #.............
#..#...#######.####.........###.
#................#..............


There were no monsters in sight!

Vanquished Creatures
  6 orbs of fire
  7 ancient liches
  A juggernaut (Zot:2)
  2 Killer Klowns
  A shard shrike (Zot:5)
  3 curse toes
  A caustic shrike (Depths:4)
  the Enchantress (Depths:1)
  Nikola (Depths:1)
  11 golden dragons
  A pandemonium lord (Zot:5)
  2 bone dragons
  2 Brimstone Fiends
  4 liches
  2 electric golems (Zot:5)
  A hellephant (D:11)
  19 tentacled monstrosities
  Rupert (D:12)
  27 Orb Guardians
  Jorgrun (Shoals:1)
  10 titans
  3 deep elf blademasters
  Asterion (Depths:1)
  7 death cobs
  A deep elf master archer (Elf:3)
  5 quicksilver dragons
  A tentacled starspawn (Abyss:3)
  An Executioner (Zot:2)
  Kirke (D:15)
  Frances (D:12)
  3 sphinxes
  8 tengu reavers
  14 storm dragons
  11 shadow dragons
  14 nagarajas
  10 draconian monks
  9 frost giants
  Donald (Snake:2)
  A daeva (Abyss:3)
  3 ghost moths (Zot:4)
  11 fire giants
  An iron dragon (Vaults:5)
  3 draconian knights
  19 vault wardens
  5 draconian scorchers
  2 orc warlords (Orc:2)
  Aizul (Depths:3)
  7 draconian shifters
  3 deep elf elementalists
  A balrug (Abyss:3)
  9 deep elf sorcerers
  6 draconian annihilators
  3 draconian stormcallers
  14 ironheart preservers
  A war gargoyle (Vaults:5)
  4 spriggan defenders
  24 stone giants
  23 very ugly things
  3 vampire knights
  An entropy weaver (Vaults:5)
  9 deep elf demonologists
  12 green draconians
  Nessos (D:12)
  21 black draconians
  A lorocyproca (Depths:5)
  9 yellow draconians
  A dire elephant (D:15)
  9 deep elf annihilators
  2 spark wasps
  7 red draconians
  24 purple draconians
  The ghost of Amplified the Fighter, a journeyman HOMo of the Shining One (Orc:1)
  4 merfolk javelineers
  9 ettins
  An eidolon (Abyss:3)
  8 white draconians
  2 crystal guardians (Vaults:3)
  8 deep elf death magi
  23 yaktaur captains
  14 ogre magi
  The ghost of NeAGen181 the Fighter, a journeyman HOFi of Beogh (D:12)
  15 fire dragons
  3 deep elf high priests
  6 merfolk impalers (Shoals:4)
  A hydra (shapeshifter) (Vaults:5)
  Erolcha (D:12)
  17 ice dragons
  10 great orbs of eyes
  40 vault guards
  2 hell beasts
  6 hydras
  20 naga warriors
  8 rakshasas
  4 spriggan air magi
  9 centaur warriors
  3 merfolk aquamancers
  8 anacondas
  An alligator snapping turtle (Shoals:2)
  3 death knights
  A satyr (Shoals:3)
  2 two-headed ogres (shapeshifter)
  The ghost of poirepoire the Basher, a journeyman GrFi of Cheibriados (D:10)
  6 merfolk avatars
  43 two-headed ogres
  16 dancing weapons
  16 deep troll earth magi
  4 orc high priests
  9 tengu warriors
  16 naga sharpshooters
  2 vampire magi
  18 deep troll shamans
  3 thrashing horrors (Abyss:3)
  Urug (Orc:2)
  5 spriggan berserkers
  6 shock serpents
  A storm dragon zombie (Depths:2)
  2 sun demons
  A soul eater (Abyss:3)
  22 deep elf knights
  2 shock serpents (shapeshifter)
  4 salamander mystics
  Sonja (D:12)
  18 hell knights
  A shadow wraith (Vaults:4)
  2 sixfirhies
  5 skeletal warriors
  A spatial maelstrom (Abyss:3)
  7 iron trolls
  7 sea snakes
  10 glowing orange brains
  2 unseen horrors (shapeshifter) (Vaults:5)
  39 deep trolls
  4 flayed ghosts
  An infernal demonspawn (Depths:2)
  A swamp dragon (Lair:6)
  14 deep elf archers
  4 unseen horrors
  Pikel (D:7)
  4 wizards
  8 necromancers
  6 ironbrand convokers
  5 starcursed masses (Abyss:3)
  4 phantasmal warriors
  19 harpies
  27 orc knights
  A wolf spider zombie (D:15)
  11 naga ritualists
  6 lindwurms
  52 deep elf magi
  24 ugly things
  2 oklob plants (Lair:4)
  4 wolf spiders
  8 orc sorcerers
  9 slime creatures
  16 fauns
  11 mana vipers
  8 cyclopes
  13 manticores
  30 moths of wrath
  A shining eye (Abyss:3)
  12 salamanders
  Joseph (D:7)
  A salamander (shapeshifter) (D:15)
  6 merfolk sirens
  A centaur zombie (D:15)
  2 fire giant skeletons
  5 torpor snails (Lair:6)
  2 guardian serpents (shapeshifter)
  2 smoke demons
  16 vault sentinels
  2 ice statues (IceCv)
  2 water nymphs (shapeshifter)
  39 black mambas
  2 orange demons
  A torpor snail (shapeshifter) (Depths:4)
  4 water nymphs (Shoals:3)
  22 naga magi
  6 spiny frogs
  A spriggan zombie (Depths:2)
  8 guardian serpents
  2 gargoyles
  6 kobold demonologists (D:14)
  55 yaktaurs
  2 frost giant skeletons (Depths:3)
  3 rime drakes (Lair:6)
  A komodo dragon (shapeshifter) (Vaults:3)
  An efreet (D:14)
  A human skeleton (Vaults:1)
  8 komodo dragons
  A yaktaur (shapeshifter) (Elf:2)
  14 ice devils
  A tormentor (D:12)
  A harpy zombie (D:15)
  A red devil (Abyss:3)
  9 freezing wraiths
  2 hellwings
  5 tengu conjurers
  A meliai (shapeshifter) (Vaults:4)
  22 merfolk
  A queen bee (D:10)
  14 trolls
  An ancient zyme (Abyss:3)
  A jumping spider (Depths:4)
  7 wind drakes
  A tengu simulacrum (Depths:3)
  A polar bear (Lair:6)
  4 tyrant leeches (Lair:6)
  A harpy skeleton (D:14)
  10 snapping turtles
  Grinder (D:5)
  12 hornets
  2 human simulacra
  Prince Ribbit (D:6)
  A stone giant simulacrum (Vaults:1)
  6 dream sheep
  4 raiju (Abyss:3)
  12 hippogriffs
  9 water elementals
  A centaur simulacrum (D:15)
  An ettin skeleton (Depths:2)
  3 spriggans
  A spriggan skeleton (Depths:2)
  A tarantella (shapeshifter) (Vaults:3)
  9 small abominations
  3 redbacks (Vaults:5)
  A spriggan (shapeshifter) (Vaults:1)
  4 air elementals
  A shadow (D:14)
  3 wraiths
  44 yaks
  6 basilisks
  3 wyverns
  6 hungry ghosts
  18 humans (D:13)
  A golden eye (shapeshifter) (Depths:4)
  4 fire elementals
  4 hogs
  11 chaos spawn
  A steam dragon (Lair:6)
  5 vampire mosquitoes (D:14)
  3 neqoxecs (Abyss:3)
  14 large abominations
  59 nagas
  20 wargs
  8 water moccasins
  4 acid dragons
  A spatial vortex (Abyss:3)
  A two-headed ogre zombie (D:11)
  Duvessa (D:7)
  2 tengu skeletons
  A floating eye (shapeshifter) (D:15)
  4 hell hounds (Depths:2)
  14 porcupines
  5 sky beasts
  7 ice beasts
  An eye of draining (D:13)
  A black bear (shapeshifter) (Depths:4)
  3 swamp drakes
  2 black bears
  An ettin simulacrum (Vaults:1)
  63 orc warriors
  7 phantoms
  A boggart (shapeshifter) (Depths:4)
  28 ogres
  13 boggarts
  3 wolves (Lair:4)
  8 centaurs
  7 crocodiles
  An elf simulacrum (Vaults:1)
  10 bullfrogs
  6 big kobolds
  2 gnoll sergeants
  A deep troll simulacrum (Vaults:2)
  4 earth elementals
  Dowan (D:7)
  A water moccasin zombie (D:9)
  3 troll zombies (D:11)
  3 scorpions
  25 killer bees
  A killer bee (shapeshifter) (Vaults:5)
  10 wights
  4 electric eels (Lair:4)
  6 crimson imps
  3 howler monkeys (D:8)
  3 bullfrog zombies
  2 quasits
  6 jellies
  31 orc wizards
  3 bullfrog skeletons
  10 centaur skeletons
  33 orc priests
  6 hounds
  An iron imp (Depths:1)
  6 iguanas
  Ijyb (D:3)
  11 worker ants
  4 ogre zombies (D:11)
  2 hound zombies (D:8)
  4 worker ant zombies
  13 gnolls
  4 river rats (D:4)
  22 adders
  A shadow imp (D:5)
  8 white imps
  10 ufetubi (IceCv)
  12 oozes (Sewer)
  10 worms
  2 dart slugs
  14 leopard geckos
  148 orcs
  13 giant cockroaches
  8 goblins
  7 jackals
  20 kobolds
  3 quokkas
  13 ball pythons
  10 bats
  9 frilled lizards
  A giant cockroach zombie (D:6)
  4 goblin skeletons (D:11)
  3 goblin zombies (D:11)
  5 hobgoblin zombies (D:11)
  A leopard gecko skeleton (D:7)
  4 orc skeletons
  10 orc zombies (D:11)
  8 rats
  3 bushes (D:13)
  15 butterflies (Depths:5)
  A demonic plant (D:14)
  5 fungi
  20 plants
2616 creatures vanquished.

Vanquished Creatures (collateral kills)
  2 orbs of fire (Zot:5)
  2 ancient liches (Zot:5)
  A vault warden (Vaults:5)
  2 white draconians (Zot:5)
  An ettin (Vaults:5)
  A yaktaur captain (Vaults:5)
  3 ironbrand convokers (Vaults:5)
  A wolf spider (Vaults:5)
13 creatures vanquished.

Vanquished Creatures (others)
  A deep elf master archer (Elf:3)
  2 ironheart preservers (Vaults:5)
  A blizzard demon (IceCv)
  A yaktaur captain (Depths:2)
  3 naga sharpshooters
  A shadow wraith (Vaults:4)
  A deep elf archer (Vaults:5)
  A cyclops (Shoals:4)
  8 yaktaurs
  A water elemental (Elf:2)
  A swamp drake (Depths:5)
  An ogre (Vaults:4)
  3 boggarts
  A centaur (Shoals:4)
  An orc priest (D:7)
  An orc wizard (D:7)
  A white imp (IceCv)
  An orc (D:7)
  3 kobolds (D:7)
  A butterfly (Depths:5)
  53 fungi
  131 plants
  4 starspawn tentacles (Abyss:3)
222 creatures vanquished.

Grand Total: 2851 creatures vanquished

Notes
Turn   | Place    | Note
-------+----------+-------------------------------------------
     0 | D:1      | KamiKatze the Tengu Berserker began the quest for the Orb.
     0 | D:1      | Reached XP level 1. HP: 14/14 MP: 2/2
   152 | D:1      | Reached XP level 2. HP: 19/19 MP: 3/3
   559 | D:2      | Reached XP level 3. HP: 23/23 MP: 4/4
   591 | D:2      | Reached ** piety under Trog
   961 | D:2      | Reached XP level 4. HP: 24/28 MP: 5/5
  1112 | D:3      | Reached skill level 5 in Axes
  1423 | D:3      | Gained mutation: You can fly continuously. [Tengu growth]
  1423 | D:3      | Reached XP level 5. HP: 12/33 MP: 6/6
  1643 | D:3      | Noticed Ijyb
  1689 | D:3      | Killed Ijyb
  2123 | D:4      | Found Neipis's Armour Emporium.
  2139 | D:4      | Reached XP level 6. HP: 38/39 MP: 7/7
  2194 | D:4      | Found a glowing drain.
  2220 | Sewer    | Entered a sewer
  2335 | Sewer    | Reached *** piety under Trog
  2739 | Sewer    | Reached **** piety under Trog
  2758 | Sewer    | Reached skill level 5 in Fighting
  2758 | Sewer    | Reached XP level 7. HP: 43/44 MP: 8/8
  3465 | D:4      | Reached XP level 8. HP: 48/51 MP: 9/9
  3723 | D:5      | Entered Level 5 of the Dungeon
  4210 | D:5      | Found Seas's Weapon Shoppe.
  4286 | D:5      | Noticed Grinder
  4295 | D:5      | Killed Grinder
  4545 | D:6      | Reached skill level 10 in Axes
  4545 | D:6      | Reached XP level 9. HP: 56/56 MP: 10/10
  4588 | D:6      | Got a steaming trident
  4589 | D:6      | Identified the +1 trident of Valiance {pierce, MR+} (You
                  | found it on level 6 of the Dungeon)
  4719 | D:6      | Found a staircase to the Ecumenical Temple.
  4719 | D:6      | Noticed Prince Ribbit
  4735 | D:6      | Killed Prince Ribbit
  4758 | Temple   | Entered the Ecumenical Temple
  5251 | D:7      | Found Wigedut's Food Emporium.
  5260 | D:7      | Noticed Pikel
  5320 | D:7      | Noticed Dowan
  5320 | D:7      | Noticed Duvessa
  5538 | D:7      | Killed Duvessa
  5554 | D:7      | Killed Dowan
  5729 | D:7      | Reached skill level 5 in Armour
  5729 | D:7      | Reached skill level 5 in Dodging
  5895 | D:7      | Killed Pikel
  5895 | D:7      | Reached XP level 10. HP: 64/64 MP: 11/11
  6054 | D:7      | Noticed Joseph
  6082 | D:7      | Killed Joseph
  7107 | D:8      | Noticed a two-headed ogre
  7128 | D:8      | Killed a two-headed ogre
  7626 | D:8      | Found a staircase to the Lair.
  7629 | D:8      | Found a transporter.
  7631 | D:8      | Found a transporter.
  7706 | D:8      | Found a roughly hewn altar of Beogh.
  7879 | D:8      | Reached XP level 11. HP: 59/69 MP: 12/12
  8400 | D:9      | Reached ***** piety under Trog
  8562 | D:9      | Found a shattered altar of Ashenzari.
  8999 | D:9      | Received a gift from Trog
  9307 | D:9      | Reached skill level 1 in Shields
  9353 | D:9      | Reached skill level 2 in Shields
  9603 | D:10     | Entered Level 10 of the Dungeon
  9633 | D:9      | Reached skill level 3 in Shields
  9791 | D:9      | Reached skill level 4 in Shields
 10636 | D:10     | Found a large runed translucent door.
 10637 | D:10     | Found a large runed translucent door.
 10640 | D:10     | Noticed poirepoire's ghost (journeyman GrFi)
 10745 | D:10     | Reached XP level 12. HP: 56/76 MP: 13/13
 10951 | Lair:1   | Entered Level 1 of the Lair of Beasts
 11059 | Lair:1   | Got a translucent marble ring
 11061 | Lair:1   | Identified the ring "Ucwuf" {MR+ MP+9} (You found it on
                  | level 1 of the Lair of Beasts)
 11247 | Lair:1   | Noticed a five-headed hydra
 11304 | Lair:1   | Killed a five-headed hydra
 12171 | Lair:2   | Found a burning altar of Makhleb.
 12380 | Lair:2   | Found a staircase to the Snake Pit.
 12671 | Lair:3   | Noticed a five-headed hydra
 12676 | Lair:3   | Killed a five-headed hydra
 12835 | Lair:3   | Reached skill level 1 in Evocations
 12934 | Lair:3   | Noticed a five-headed hydra
 13025 | Lair:3   | Reached skill level 10 in Fighting
 13693 | Lair:3   | Killed a five-headed hydra
 14036 | Lair:3   | Received a gift from Trog
 14605 | Lair:4   | Found a staircase to the Shoals.
 15289 | Lair:5   | Got a flickering bone ring
 15388 | Lair:5   | Identified the ring of Pugoarpheh {Ice rElec MR++ Int-4}
                  | (You found it on level 5 of the Lair of Beasts)
 15439 | Lair:5   | Reached XP level 13. HP: 83/83 MP: 15/15
 15657 | Lair:5   | Reached skill level 15 in Axes
 16236 | Lair:1   | Identified a scroll of acquirement
 16237 | Lair:1   | Got a smoking chain mail
 16248 | Lair:1   | Identified the +5 chain mail of Inevitability {rPois rF-
                  | rCorr Str+3} (You acquired it on level 1 of the Lair of
                  | Beasts)
 16584 | D:11     | Got a dazzling chain mail
 16615 | D:10     | Identified the +1 chain mail of Wonder {rN+ rCorr} (You
                  | found it on level 11 of the Dungeon)
 16697 | D:11     | Found a staircase to the Orcish Mines.
 16865 | D:11     | Found a deep blue altar of Sif Muna.
 17293 | Orc:1    | Entered Level 1 of the Orcish Mines
 17307 | Orc:1    | Found a transporter.
 17320 | Orc:1    | Noticed Amplified's ghost (journeyman HOMo)
 17388 | Orc:1    | Received a gift from Trog
 17464 | Orc:1    | Found a transporter.
 18068 | Orc:2    | Entered Level 2 of the Orcish Mines
 18078 | Orc:2    | Reached skill level 10 in Armour
 18253 | Orc:2    | Reached skill level 10 in Dodging
 18336 | Orc:2    | Found a gateway to a bazaar.
 18437 | Orc:2    | Noticed Urug
 18757 | Orc:2    | Found a staircase to the Elven Halls.
 18779 | Orc:2    | Noticed an orc warlord
 18800 | Orc:2    | Killed an orc warlord
 18878 | Orc:2    | Received a gift from Trog
 19271 | Orc:2    | Noticed an orc warlord
 19309 | Orc:2    | Killed an orc warlord
 19730 | Orc:2    | Found a roughly hewn altar of Beogh.
 19857 | Orc:2    | Reached XP level 14. HP: 68/90 MP: 16/16
 19868 | Orc:2    | Found Ciodek's Antique Weapon Emporium.
 19958 | Orc:2    | Found Uforak's Antique Armour Emporium.
 19973 | Orc:2    | Found Vyorroill's Book Emporium.
 19988 | Orc:2    | Found Byri's General Store.
 20023 | Orc:2    | Killed Urug
 20075 | Orc:2    | Noticed a stone giant
 20086 | Orc:2    | Killed a stone giant
 20092 | Bazaar   | Entered a bazaar
 20092 | Bazaar   | Found Ciddeduru's Weapon Boutique.
 20092 | Bazaar   | Found Icined Eghyp's Antique Weapon Shop.
 20092 | Bazaar   | Found Yclurh Lappi's Food Shop.
 20092 | Bazaar   | Found Malam's Distillery.
 20102 | Bazaar   | Bought a potion of haste for 140 gold pieces
 20106 | Bazaar   | Bought a potion of heal wounds for 70 gold pieces
 20106 | Bazaar   | Bought a potion of heal wounds for 70 gold pieces
 20106 | Bazaar   | Bought a potion of might for 56 gold pieces
 20172 | D:12     | Noticed Rupert
 20181 | D:12     | Killed Rupert
 20244 | D:12     | Found a runed translucent door.
 20244 | D:12     | Found a shimmering altar of Xom.
 20244 | D:12     | Noticed NeAGen181's ghost (journeyman HOFi)
 20324 | D:12     | Noticed Nessos
 20340 | D:12     | Killed Nessos
 20375 | D:12     | Received a gift from Trog
 20376 | D:12     | Found the +8 mithril axe "Arga" {speed, MR+}
 20563 | D:12     | Noticed Sonja
 20609 | D:12     | Killed Sonja
 20763 | D:12     | Noticed Erolcha
 20772 | D:12     | Killed Erolcha
 20808 | D:12     | Noticed Frances
 20825 | D:12     | Killed Frances
 21545 | D:13     | Reached skill level 5 in Shields
 21558 | D:13     | Found a runed translucent door.
 21861 | D:13     | Reached skill level 6 in Shields
 22007 | D:13     | Received a gift from Trog
 22007 | D:13     | Reached skill level 7 in Shields
 22070 | D:13     | Found a gate to the Vaults.
 22085 | D:13     | Reached skill level 8 in Shields
 22378 | D:14     | Found a corrupted altar of Lugonu.
 22623 | D:14     | Reached skill level 9 in Shields
 22792 | D:14     | Reached XP level 15. HP: 96/96 MP: 17/17
 22844 | D:14     | Reached skill level 10 in Shields
 23129 | D:14     | Received a gift from Trog
 23698 | D:15     | Entered Level 15 of the Dungeon
 23707 | D:14     | Reached skill level 11 in Shields
 23752 | D:15     | Noticed Kirke
 23765 | D:15     | Killed Kirke
 24270 | D:15     | Found a staircase to the Depths.
 24295 | D:15     | Reached skill level 12 in Shields
 25022 | Lair:6   | Entered Level 6 of the Lair of Beasts
 25336 | Lair:6   | Found a staircase to the Slime Pits.
 25336 | Lair:6   | Found a viscous altar of Jiyva.
 25554 | Lair:6   | Reached skill level 13 in Shields
 25983 | Lair:6   | Found a runed translucent door.
 26436 | Lair:6   | Received a gift from Trog
 27256 | Orc:2    | Bought a pair of embroidered gloves for 157 gold pieces
 27256 | Orc:2    | Bought a pair of embroidered gloves for 157 gold pieces
 27256 | Orc:2    | Bought a pair of runed gloves for 157 gold pieces
 27570 | Orc:2    | Bought a shiny plate armour for 546 gold pieces
 27876 | Orc:2    | Bought a scroll of brand weapon for 360 gold pieces
 27879 | Orc:2    | Bought 2 scrolls of brand weapon for 720 gold pieces
 28061 | Snake:1  | Entered Level 1 of the Snake Pit
 28071 | Snake:1  | Reached XP level 16. HP: 65/101 MP: 18/18
 28209 | Snake:1  | Found a frozen archway.
 28245 | IceCv    | Entered an ice cave
 28828 | IceCv    | Reached skill level 14 in Shields
 28993 | IceCv    | Got an amethyst-encrusted scale mail
 29373 | Snake:1  | Received a gift from Trog
 30359 | Snake:2  | Noticed Donald
 30377 | Snake:2  | Killed Donald
 30418 | Snake:2  | Identified the +1 scale mail "Dyqathrui" {*Contam rPois
                  | Int+4} (You found it in an ice cave)
 30460 | Snake:2  | Gained mutation: Your spells are a little easier to cast,
                  | but a little less powerful. [mutagenic glow]
 30831 | Snake:2  | Noticed a nagaraja
 30839 | Snake:2  | Killed a nagaraja
 30958 | Snake:2  | Got a smoking jade amulet
 30959 | Snake:2  | Identified the amulet "Ibbuaror" {*Corrode +Rage Str-5
                  | Int+2 Dex+8} (You found it on level 2 of the Snake Pit)
 31454 | Snake:3  | Noticed a nagaraja
 31850 | Snake:3  | Noticed a nagaraja
 31850 | Snake:3  | Noticed a nagaraja
 31882 | Snake:3  | Killed a nagaraja
 31882 | Snake:3  | Reached XP level 17. HP: 88/108 MP: 9/19
 32022 | Snake:3  | Received a gift from Trog
 32409 | Snake:3  | Reached skill level 15 in Shields
 32434 | Snake:3  | Reached ****** piety under Trog
 32508 | Snake:3  | Got a glittering graven amulet
 32509 | Snake:3  | Identified the amulet of the Cast Vote {Acrobat Dex+3} (You
                  | acquired it on level 3 of the Snake Pit)
 32855 | Snake:4  | Entered Level 4 of the Snake Pit
 34737 | Snake:4  | Received a gift from Trog
 34737 | Snake:4  | Reached XP level 18. HP: 88/116 MP: 20/20
 34904 | Snake:4  | Reached skill level 16 in Shields
 35386 | Snake:4  | Got a serpentine rune of Zot
 35864 | Vaults:1 | Entered Level 1 of the Vaults
 35981 | Vaults:1 | Found Weffaojott's Distillery.
 36074 | Vaults:1 | Received a gift from Trog
 36934 | Vaults:1 | Received a gift from Trog
 37253 | Vaults:1 | Reached skill level 15 in Fighting
 37504 | Vaults:2 | Reached XP level 19. HP: 105/124 MP: 21/21
 38181 | Vaults:2 | Received a gift from Trog
 38193 | Vaults:2 | Found a portal to a secret trove of treasure.
 38346 | Vaults:2 | Reached skill level 17 in Shields
 38434 | Vaults:2 | Noticed a bone dragon
 38479 | Vaults:2 | Killed a bone dragon
 38675 | Vaults:2 | Found Waloof's Antique Armour Boutique.
 38848 | Vaults:2 | Found a staircase to the Crypt.
 38925 | Vaults:2 | Received a gift from Trog
 39373 | Vaults:3 | Found Zajieq's Distillery.
 39490 | Vaults:3 | Reached XP level 20. HP: 131/131 MP: 22/22
 39908 | Vaults:3 | Received a gift from Trog
 40428 | Vaults:4 | Reached skill level 18 in Shields
 41074 | Vaults:4 | Received a gift from Trog
 41214 | Vaults:4 | Reached skill level 15 in Dodging
 41224 | Vaults:4 | Reached skill level 15 in Armour
 41484 | Vaults:4 | Noticed a lich
 41499 | Vaults:4 | Killed a lich
 41499 | Vaults:4 | Reached XP level 21. HP: 96/139 MP: 23/23
 41534 | Vaults:4 | Received a gift from Trog
 41602 | Vaults:4 | Got a smoking iron ring
 41604 | Vaults:4 | Identified the ring "Emuash" {+Inv MR- Str+4 Int+3 Stlth+}
                  | (You found it on level 4 of the Vaults)
 41829 | Vaults:4 | Found Poprul's Jewellery Boutique.
 42235 | Orc:1    | Killed Amplified's ghost
 42422 | D:8      | You are sucked into a shaft for 2 floors!
 42698 | D:10     | Killed poirepoire's ghost
 42782 | D:12     | Killed NeAGen181's ghost
 42786 | D:12     | Identified the Grimoire of Stolen Souls
 42963 | D:13     | Got a slimy bronze ring
 42964 | D:13     | Identified the ring "Maleuraw" {*Slow MP+9 AC+2 Int-3 SInv}
                  | (You found it on level 13 of the Dungeon)
 43550 | Elf:1    | Entered Level 1 of the Elven Halls
 43703 | Elf:1    | Received a gift from Trog
 43721 | Elf:1    | Reached skill level 19 in Shields
 44459 | Elf:1    | Identified the Grimoire of Creative Combat Magic
 44727 | Elf:2    | Received a gift from Trog
 44733 | Elf:2    | Gained mutation: You are robust. (+10% HP) [a neqoxec]
 44963 | Elf:2    | Found a runed translucent gate.
 44965 | Elf:2    | Found a runed translucent gate.
 44968 | Elf:2    | Found a runed translucent gate.
 45695 | Elf:3    | Entered Level 3 of the Elven Halls
 45702 | Elf:3    | Received a gift from Trog
 46716 | Elf:3    | Reached XP level 22. HP: 89/161 MP: 24/24
 46883 | Elf:3    | Identified the +5 rapier "Aronteab" {pierce, rPois Str+3}
 47048 | Elf:3    | Identified the +4 broad axe of Peace {flame, Dex+4}
 47048 | Elf:3    | Identified the +2 leather armour of the Townfolk {*Corrode
                  | Int+6 Slay+3 SInv}
 47048 | Elf:3    | Identified the ring "Ejiqaeda" {*Slow rElec rN+ Str+3}
 47134 | Elf:3    | Identified the +10 spear of Luareit {pierce, *Slow +Blink
                  | Str+4 Dex+4}
 47495 | Elf:3    | Identified the +0 scale mail "Fywnoip" {rCorr}
 47680 | Elf:3    | Identified the +11 great mace of Jehull {crush, rElec
                  | Str+3}
 47694 | Elf:3    | Cast into level 3 of the Abyss (deep elf blademaster)
 47941 | Abyss:3  | Received a gift from Trog
 48071 | Abyss:3  | Identified the +2 large shield of Jefix {rN+}
 48102 | Abyss:3  | Found a corrupted altar of Lugonu.
 48224 | Abyss:3  | Gained mutation: Scrolls take you a little longer to read.
                  | [a shining eye]
 48226 | Abyss:3  | Gained mutation: You occasionally shout uncontrollably at
                  | your foes. [a shining eye]
 48228 | Abyss:3  | Found a corrupted altar of Lugonu.
 48300 | Elf:3    | Escaped the Abyss
 48306 | Elf:3    | Reached skill level 20 in Shields
 48587 | Elf:3    | Found the +8 storm bow {elec}
 49041 | Vaults:2 | Bought an embroidered cloak for 172 gold pieces
 49066 | Vaults:2 | Bought a warped plate armour for 644 gold pieces
 49079 | Vaults:2 | Identified the +3 plate armour of the Little Devil {rF+ rC+
                  | MR-} (You bought it in a shop on level 2 of the Vaults)
 49190 | Vaults:4 | Bought the ring "Dull" {rPois MR+ MP+9 Int+2} for 574 gold
                  | pieces
 49441 | Depths:1 | Entered Level 1 of the Depths
 49786 | Depths:1 | Found a gateway to a ziggurat.
 49800 | Depths:1 | Found a flickering gateway to a bazaar.
 49811 | Bazaar   | Entered a bazaar
 49811 | Bazaar   | Found Olu Xuw's Antique Armour Shop.
 49811 | Bazaar   | Found Xalirin's Antique Weapon Shop.
 49858 | Bazaar   | Found Bihuoz's General Store.
 49867 | Bazaar   | Bought a scroll of teleportation for 51 gold pieces
 49867 | Bazaar   | Bought a scroll of enchant armour for 127 gold pieces
 50103 | Depths:1 | Received a gift from Trog
 50169 | Depths:1 | Noticed Nikola
 50213 | Depths:1 | Killed Nikola
 50249 | Depths:1 | Reached XP level 23. HP: 164/170 MP: 25/25
 50267 | Depths:1 | Identified the +4 faerie dragon scales {rC+ rCorr MP+9
                  | Int+4}
 50267 | Depths:1 | Noticed the Enchantress
 50626 | Depths:1 | Killed the Enchantress
 50808 | Depths:1 | Noticed Asterion
 50821 | Depths:1 | Killed Asterion
 51040 | Depths:1 | Found a one-way gate leading to the halls of Pandemonium.
 51058 | Depths:1 | Found a gateway to Hell.
 51692 | Depths:2 | Received a gift from Trog
 51710 | Depths:2 | Noticed a golden dragon
 52122 | Lair:1   | Lost mutation: Scrolls take you a little longer to read.
                  | [potion of mutation]
 52122 | Lair:1   | Lost mutation: You are robust. (+10% HP) [potion of
                  | mutation]
 52122 | Lair:1   | Lost mutation: You occasionally shout uncontrollably at
                  | your foes. [potion of mutation]
 52122 | Lair:1   | Gained mutation: Your natural rate of healing is unusually
                  | fast. [potion of mutation]
 52122 | Lair:1   | Gained mutation: Your muscles are strong. (Str +2) [potion
                  | of mutation]
 52986 | Depths:2 | Killed a golden dragon
 53398 | Depths:2 | Reached skill level 21 in Shields
 53783 | Depths:2 | Paralysed by a floating eye for 3 turns
 53862 | Depths:3 | Received a gift from Trog
 53974 | Depths:3 | Received a gift from Trog
 54020 | Depths:2 | Reached XP level 24. HP: 132/163 MP: 25/25
 54438 | Depths:3 | Found a one-way gate to the infinite horrors of the Abyss.
 54719 | Depths:3 | Noticed Aizul
 54732 | Depths:3 | Killed Aizul
 54892 | Depths:3 | Received a gift from Trog
 55591 | Depths:4 | Noticed a caustic shrike
 55610 | Depths:4 | Killed a caustic shrike
 55698 | Depths:4 | Received a gift from Trog
 56145 | Depths:4 | Got an iridescent executioner's axe
 56149 | Depths:4 | Identified the +8 executioner's axe "Huriet" {drain, -Tele
                  | rN+ MP+9 Int+3} (You found it on level 4 of the Depths)
 56268 | Depths:4 | Reached skill level 22 in Shields
 56448 | Depths:5 | Entered Level 5 of the Depths
 56448 | Depths:5 | Found a huge runed gate.
 56448 | Depths:5 | Found a huge runed gate.
 56448 | Depths:5 | Found a huge runed gate.
 56448 | Depths:5 | Found a huge runed gate.
 56448 | Depths:5 | Found a huge runed gate.
 56448 | Depths:5 | Found a huge runed gate.
 56448 | Depths:5 | Found a huge runed gate.
 56448 | Depths:5 | Found a huge runed gate.
 56448 | Depths:5 | Found a huge runed gate.
 56448 | Depths:5 | Found a huge runed gate.
 56538 | Depths:5 | Received a gift from Trog
 56558 | Depths:5 | Found a huge runed gate.
 56558 | Depths:5 | Found a huge runed gate.
 56558 | Depths:5 | Found a huge runed gate.
 56558 | Depths:5 | Found a huge runed gate.
 56558 | Depths:5 | Found a huge runed gate.
 56618 | Depths:5 | Found a huge runed gate.
 56621 | Depths:5 | Found a huge runed gate.
 56634 | Depths:5 | Found a huge runed gate.
 56831 | Depths:5 | Reached XP level 25. HP: 152/171 MP: 25/25
 56986 | Depths:5 | Found a huge runed gate.
 56987 | Depths:5 | Found a huge runed gate.
 56988 | Depths:5 | Found a huge runed gate.
 57007 | Depths:5 | Found a huge runed gate.
 57007 | Depths:5 | Found a huge runed gate.
 57008 | Depths:5 | Found a huge runed gate.
 57009 | Depths:5 | Found a huge runed gate.
 57219 | Depths:5 | Found a huge runed gate.
 57220 | Depths:5 | Found a huge runed gate.
 57306 | Depths:5 | Found a shattered altar of Ashenzari.
 58029 | Depths:5 | Received a gift from Trog
 58245 | Depths:5 | Found a gate to the Realm of Zot.
 58247 | Depths:5 | Found the +2 robe of Vines {NoPotionHeal Regen+7}
 58980 | Shoals:1 | Entered Level 1 of the Shoals
 59105 | Shoals:1 | Noticed Jorgrun
 59130 | Shoals:1 | Killed Jorgrun
 60813 | Shoals:3 | Found a runed translucent door.
 60813 | Shoals:3 | Noticed harness's ghost (journeyman DEEE)
 61426 | Shoals:4 | Entered Level 4 of the Shoals
 61426 | Shoals:4 | Found Asaw's Magic Scroll Shoppe.
 62066 | Shoals:4 | Received a gift from Trog
 62784 | Shoals:4 | Got a barnacled rune of Zot
 63407 | Vaults:5 | Entered Level 5 of the Vaults
 63431 | Vaults:5 | Reached skill level 23 in Shields
 63490 | Vaults:5 | Reached XP level 26. HP: 179/179 MP: 25/25
 63560 | Vaults:5 | Received a gift from Trog
 63938 | Vaults:5 | Found Getwuama's Weapon Shoppe.
 64442 | Vaults:5 | Received a gift from Trog
 64831 | Vaults:5 | Identified the cursed +2 rapier "Saidyej" {flame, *Noise
                  | rElec rC++ Dex+4}
 65108 | Vaults:5 | Found Dybi's Antique Weapon Boutique.
 65108 | Vaults:5 | Found Esipath's Jewellery Shoppe.
 65150 | Vaults:5 | Found Zeoz's Antique Weapon Boutique.
 65158 | Vaults:5 | Found Furaucs's Antique Armour Shoppe.
 65163 | Vaults:5 | Bought an embroidered scarf for 240 gold pieces
 65169 | Vaults:5 | Noticed an ancient lich
 65188 | Vaults:5 | Killed an ancient lich
 65188 | Vaults:5 | Reached XP level 27. HP: 176/188 MP: 25/25
 65351 | Vaults:5 | Reached skill level 24 in Shields
 65714 | Vaults:5 | Found Qumahos's Food Boutique.
 65715 | Vaults:5 | Got a silver rune of Zot
 65836 | Vaults:5 | Found Vudduop's Distillery.
 65841 | Vaults:5 | Bought a potion of mutation for 120 gold pieces
 65855 | Vaults:5 | Found Moddulah's Food Shoppe.
 66575 | Zot:1    | Entered Level 1 of the Realm of Zot
 66636 | Zot:1    | Received a gift from Trog
 67899 | Zot:2    | Noticed an ancient lich
 67971 | Zot:1    | Killed an ancient lich
 68006 | Zot:2    | Noticed a juggernaut
 68006 | Zot:2    | a Killer Klown changed into a juggernaut
 68098 | Zot:2    | Killed a juggernaut
 68253 | Zot:2    | You are sucked into a shaft for 2 floors!
 68294 | Zot:4    | Received a gift from Trog
 68634 | Zot:3    | Noticed an orb of fire
 68638 | Zot:3    | Gained mutation: You occasionally shout uncontrollably at
                  | your foes. [an orb of fire]
 68640 | Zot:3    | Lost mutation: Your spells are a little easier to cast, but
                  | a little less powerful. [an orb of fire]
 68647 | Zot:3    | Gained mutation: You are clumsy. (Dex -2) [an orb of fire]
 68650 | Zot:3    | Lost mutation: Your muscles are strong. (Str +2) [an orb of
                  | fire]
 68651 | Zot:3    | Killed an orb of fire
 69316 | Zot:2    | Reached skill level 25 in Shields
 70612 | Zot:4    | Noticed an orb of fire
 70629 | Zot:4    | Lost mutation: Your natural rate of healing is unusually
                  | fast. [an orb of fire]
 70634 | Zot:4    | Killed an orb of fire
 71094 | Zot:4    | Noticed an orb of fire
 71106 | Zot:4    | Gained mutation: You are weak. (Str -2) [an orb of fire]
 71120 | Zot:4    | Killed an orb of fire
 71280 | Zot:5    | Entered Level 5 of the Realm of Zot
 71568 | Zot:5    | Received a gift from Trog
 71972 | Zot:5    | Got a steaming sapphire amulet
 71974 | Zot:5    | Identified the amulet "Lauh" {Reflect rElec Str+5 SH+5}
                  | (You acquired it on level 5 of the Realm of Zot)
 72434 | Vaults:1 | Bought a potion of heal wounds for 50 gold pieces
 72434 | Vaults:1 | Bought 2 potions of might for 80 gold pieces
 72434 | Vaults:1 | Bought a potion of resistance for 100 gold pieces
 72434 | Vaults:1 | Bought a potion of agility for 40 gold pieces
 72434 | Vaults:1 | Bought a potion of haste for 100 gold pieces
 72434 | Vaults:1 | Bought a potion of curing for 30 gold pieces
 72434 | Vaults:1 | Bought a potion of might for 40 gold pieces
 72541 | Vaults:3 | Bought a potion of cancellation for 112 gold pieces
 72541 | Vaults:3 | Bought a potion of curing for 42 gold pieces
 72541 | Vaults:3 | Bought a potion of curing for 42 gold pieces
 72541 | Vaults:3 | Bought a potion of might for 56 gold pieces
 72541 | Vaults:3 | Bought a potion of cancellation for 112 gold pieces
 72541 | Vaults:3 | Bought a potion of heal wounds for 70 gold pieces
 72541 | Vaults:3 | Bought a potion of curing for 42 gold pieces
 73248 | Zot:5    | Noticed an ancient lich
 73250 | Zot:5    | Noticed an orb of fire
 73251 | Zot:5    | Noticed an ancient lich
 73254 | Zot:5    | Gained mutation: You sometimes yell uncontrollably at your
                  | foes. [an orb of fire]
 73256 | Zot:5    | Gained mutation: You are frail. (-10% HP) [an orb of fire]
 73257 | Zot:5    | Killed an ancient lich
 73257 | Zot:5    | Noticed an orb of fire
 73263 | Zot:5    | Killed an ancient lich
 73267 | Zot:5    | Killed an orb of fire
 73275 | Zot:5    | Noticed an ancient lich
 73276 | Zot:5    | Killed an orb of fire
 73285 | Zot:5    | Killed an ancient lich
 73296 | Zot:5    | Noticed an ancient lich
 73305 | Zot:5    | Noticed an ancient lich
 73306 | Zot:5    | Killed an ancient lich
 73328 | Zot:5    | Killed an ancient lich
 73352 | Zot:5    | Received a gift from Trog
 73574 | Zot:5    | Reached skill level 26 in Shields
 73821 | Zot:5    | Lost mutation: You are weak. (Str -2) [potion of mutation]
 73821 | Zot:5    | Lost mutation: You sometimes yell uncontrollably at your
                  | foes. [potion of mutation]
 73821 | Zot:5    | Gained mutation: You are partially covered in slimy green
                  | scales. (AC +2) [potion of mutation]
 73821 | Zot:5    | Lost mutation: You are frail. (-10% HP) [potion of
                  | mutation]
 73821 | Zot:5    | Gained mutation: You are partially covered in yellow
                  | scales. (AC +2) [potion of mutation]
 73821 | Zot:5    | Gained mutation: You expend magic power (3 MP) to
                  | strengthen your wands. [potion of mutation]
 73961 | Zot:5    | Noticed an orb of fire
 73967 | Zot:5    | Gained mutation: You sometimes yell uncontrollably at your
                  | foes. [an orb of fire]
 73973 | Zot:5    | Lost mutation: You expend magic power (3 MP) to strengthen
                  | your wands. [an orb of fire]
 73978 | Zot:5    | Killed an orb of fire
 74013 | Zot:5    | Noticed an ancient lich
 74019 | Zot:5    | Noticed an ancient lich
 74030 | Zot:5    | Killed an ancient lich
 74032 | Zot:5    | Killed an ancient lich
 74043 | Zot:5    | Noticed an orb of fire
 74044 | Zot:5    | Gained mutation: You are very clumsy. (Dex -4) [an orb of
                  | fire]
 74067 | Zot:5    | Gained mutation: You tend to lose your temper in combat.
                  | [an orb of fire]
 74069 | Zot:5    | Killed an orb of fire
 74077 | Zot:5    | Lost mutation: You are very clumsy. (Dex -4) [potion of
                  | mutation]
 74077 | Zot:5    | Lost mutation: You sometimes yell uncontrollably at your
                  | foes. [potion of mutation]
 74077 | Zot:5    | Lost mutation: You are clumsy. (Dex -2) [potion of
                  | mutation]
 74077 | Zot:5    | Gained mutation: You are resistant to hostile enchantments.
                  | (MR+) [potion of mutation]
 74077 | Zot:5    | Gained mutation: Your muscles are strong. (Str +2) [potion
                  | of mutation]
 74077 | Zot:5    | Lost mutation: You tend to lose your temper in combat.
                  | [potion of mutation]
 74082 | Zot:5    | Noticed an orb of fire
 74099 | Zot:5    | Killed an orb of fire
 74377 | Zot:5    | Got the Orb of Zot
 74384 | Zot:5    | Noticed Tuevoemmikocs the pandemonium lord
 74410 | Zot:5    | Killed Tuevoemmikocs the pandemonium lord
 74416 | Zot:5    | Noticed a seraph
 74433 | Zot:5    | Identified the cursed +0 buckler of Zin's Generosity {-Tele
                  | +Fly Dex+6}
 74442 | Zot:5    | Gained mutation: Your body sometimes deteriorates upon
                  | taking damage. [mutagenic glow]
 74466 | Zot:5    | Gained mutation: Your body often deteriorates upon taking
                  | damage. [mutagenic glow]
 74528 | Zot:2    | Received a gift from Trog
 75051 | D:$      | Escaped with the Orb!

Skill      XL: |  1  2  3  4  5  6  7  8  9 10 11 12 13 14 15 16 17 18 19 20 21 22 23 24 25 26 27 |
---------------+----------------------------------------------------------------------------------+-----
Axes           | 4 5 6 7 8 10 11 12 13 14 16 17 18 19 | 19.0
Fighting       | 4 5 6 7 8 9 10 11 12 13 15 16 17 18 19 20 21 22 23 25 | 25.8
Armour         | 3 5 6 8 9 10 11 12 13 14 15 16 17 18 19 21 | 21.6
Dodging        | 3 5 6 8 9 10 11 12 13 14 15 16 17 18 19 21 | 21.6
Shields        | 4 9 13 14 15 16 17 18 19 20 21 22 23 26 | 26.5
Evocations     | 2 |  2.0

Action                   |  1- 3 |  4- 6 |  7- 9 | 10-12 | 13-15 | 16-18 | 19-21 | 22-24 | 25-27 || total
-------------------------+-------+-------+-------+-------+-------+-------+-------+-------+-------++-------
Melee: Hand axe          |    67 |   209 |   282 |   185 |       |       |       |       |       ||   743
       Kick              |    10 |    45 |    97 |   279 |   462 |   623 |   649 |   777 |  1378 ||  4320
       Peck              |     7 |    42 |    65 |   162 |   315 |   383 |   408 |   533 |   850 ||  2765
       War axe           |       |       |       |   565 |   325 |       |       |       |       ||   890
       Trident           |       |       |       |    18 |    12 |       |       |       |       ||    30
       Broad axe         |       |       |       |       |   882 |  1412 |  1387 |  1506 |  2548 ||  7735
Invok: Trog's Hand       |       |     1 |     4 |     3 |    12 |     9 |    16 |    11 |    29 ||    85
       Berserk           |       |     1 |     3 |     7 |     5 |       |     1 |     1 |     3 ||    21
       Brothers in Arms  |       |       |       |       |       |       |       |       |     8 ||     8
 Abil: Fly               |       |     1 |       |       |       |       |       |       |       ||     1
Evoke: Wand              |       |       |       |     1 |     2 |       |     3 |     1 |       ||     7
       Phantom mirror    |       |       |       |       |       |       |       |       |     1 ||     1
  Use: Scroll            |       |     7 |    11 |     8 |    12 |     9 |     4 |     5 |    25 ||    81
       Potion            |       |       |       |     1 |       |     5 |     1 |     4 |    34 ||    45
 Stab: Sleeping          |     1 |       |       |       |       |       |       |       |       ||     1
       Invisible         |       |       |       |       |       |       |     2 |       |     2 ||     4
       Held in net/web   |       |       |       |       |       |       |       |       |     1 ||     1
       Distracted        |       |       |       |       |       |       |       |       |     2 ||     2
  Eat: Chunk             |       |     8 |    12 |    29 |    49 |    14 |    32 |    26 |    39 ||   209
       Ration            |       |       |       |     2 |     1 |     5 |     1 |     3 |    10 ||    22
Armor: Animal skin       |     4 |       |       |       |       |       |       |       |       ||     4
       Ring mail         |    25 |    52 |    41 |       |       |       |       |       |       ||   118
       Chain mail        |       |       |    26 |    38 |       |       |       |       |       ||    64
       Plate armour      |       |       |       |   276 |   325 |    30 |       |       |       ||   631
       Crystal plate arm |       |       |       |       |       |   228 |   280 |   331 |   162 ||  1001
       Gold dragon scale |       |       |       |       |       |       |       |       |   353 ||   353
Dodge: Dodged            |    40 |   116 |   121 |   349 |   438 |   285 |   288 |   564 |   823 ||  3024
Block: Buckler           |       |       |       |    62 |   189 |       |       |       |       ||   251
       Shield            |       |       |       |       |    74 |   537 |   593 |   803 |  1220 ||  3227
       Reflection        |       |       |       |       |       |    78 |    61 |    40 |    88 ||   267
